[gd_scene load_steps=35 format=3 uid="uid://4t30ikhwq3pt"]

[ext_resource type="PackedScene" uid="uid://cokc4n2td76dq" path="res://world.tscn" id="1_sanjx"]
[ext_resource type="Texture2D" uid="uid://cjrtqipypwo2g" path="res://assets/planet/water.png" id="2_xc24g"]
[ext_resource type="Resource" uid="uid://hh0ve3irrxxd" path="res://planet/tile_types/water.tres" id="3_xxp1p"]
[ext_resource type="Resource" uid="uid://528p8jtnch7r" path="res://planet/tile_types/woods.tres" id="4_hh31a"]

[sub_resource type="StandardMaterial3D" id="StandardMaterial3D_7ldt1"]
albedo_texture = ExtResource("2_xc24g")

[sub_resource type="StandardMaterial3D" id="StandardMaterial3D_1kmbj"]
albedo_texture = ExtResource("2_xc24g")

[sub_resource type="ArrayMesh" id="ArrayMesh_fox1a"]
_surfaces = [{
"aabb": AABB(0.0296, 0.4472, -0.8642, 0.24681, 0.2103, 0.1476),
"attribute_data": PackedByteArray(0, 0, 0, 0, 0, 0, 0, 0, 171, 170, 170, 62, 0, 0, 128, 191, 171, 170, 42, 63, 0, 0, 0, 0),
"format": 17,
"primitive": 3,
"vertex_count": 3,
"vertex_data": PackedByteArray(77, 132, 141, 62, 102, 247, 228, 62, 236, 192, 89, 191, 31, 99, 110, 62, 235, 81, 40, 63, 25, 115, 55, 191, 179, 123, 242, 60, 187, 150, 0, 63, 54, 60, 93, 191)
}]

[sub_resource type="StandardMaterial3D" id="StandardMaterial3D_csmwj"]
albedo_texture = ExtResource("2_xc24g")

[sub_resource type="StandardMaterial3D" id="StandardMaterial3D_bh62a"]
albedo_texture = ExtResource("2_xc24g")

[sub_resource type="StandardMaterial3D" id="StandardMaterial3D_1gjqw"]
albedo_texture = ExtResource("2_xc24g")

[sub_resource type="ArrayMesh" id="ArrayMesh_q0s5d"]
_surfaces = [{
"aabb": AABB(0.4472, 0.5257, -0.5257, 0.241, 0.19791, 0.26281),
"attribute_data": PackedByteArray(0, 0, 128, 63, 0, 0, 0, 0, 171, 170, 170, 62, 0, 0, 0, 0, 171, 170, 42, 63, 0, 0, 128, 63),
"format": 17,
"primitive": 3,
"vertex_count": 3,
"vertex_data": PackedByteArray(19, 97, 35, 63, 217, 61, 57, 63, 212, 154, 134, 190, 102, 247, 228, 62, 217, 61, 57, 63, 70, 148, 6, 191, 224, 45, 48, 63, 70, 148, 6, 63, 0, 0, 0, 191)
}]

[sub_resource type="StandardMaterial3D" id="StandardMaterial3D_p37p5"]
albedo_texture = ExtResource("2_xc24g")

[sub_resource type="ArrayMesh" id="ArrayMesh_56v4c"]
_surfaces = [{
"aabb": AABB(0.4472, 0.5023, -0.7166, 0.24101, 0.2213, 0.21661),
"attribute_data": PackedByteArray(171, 170, 42, 63, 0, 0, 0, 0, 171, 170, 170, 62, 0, 0, 128, 191, 0, 0, 0, 0, 0, 0, 0, 0),
"format": 17,
"primitive": 3,
"vertex_count": 3,
"vertex_data": PackedByteArray(224, 45, 48, 63, 70, 148, 6, 63, 0, 0, 0, 191, 102, 247, 228, 62, 217, 61, 57, 63, 70, 148, 6, 191, 217, 206, 247, 62, 187, 150, 0, 63, 25, 115, 55, 191)
}]

[sub_resource type="StandardMaterial3D" id="StandardMaterial3D_b8xc4"]
albedo_texture = ExtResource("2_xc24g")

[sub_resource type="ArrayMesh" id="ArrayMesh_gli7j"]
_surfaces = [{
"aabb": AABB(0.2328, 0.5023, -0.7166, 0.2512, 0.22131, 0.19091),
"attribute_data": PackedByteArray(0, 0, 128, 63, 0, 0, 0, 0, 171, 170, 170, 62, 0, 0, 0, 0, 171, 170, 42, 63, 0, 0, 128, 63),
"format": 17,
"primitive": 3,
"vertex_count": 3,
"vertex_data": PackedByteArray(102, 247, 228, 62, 217, 61, 57, 63, 70, 148, 6, 191, 31, 99, 110, 62, 235, 81, 40, 63, 25, 115, 55, 191, 217, 206, 247, 62, 187, 150, 0, 63, 25, 115, 55, 191)
}]

[sub_resource type="StandardMaterial3D" id="StandardMaterial3D_q7i47"]
albedo_texture = ExtResource("2_xc24g")

[sub_resource type="ArrayMesh" id="ArrayMesh_2ue64"]
_surfaces = [{
"aabb": AABB(0.2328, 0.4472, -0.8506, 0.25121, 0.2103, 0.13401),
"attribute_data": PackedByteArray(171, 170, 42, 63, 0, 0, 0, 0, 171, 170, 170, 62, 0, 0, 128, 191, 0, 0, 0, 0, 0, 0, 0, 0),
"format": 17,
"primitive": 3,
"vertex_count": 3,
"vertex_data": PackedByteArray(217, 206, 247, 62, 187, 150, 0, 63, 25, 115, 55, 191, 31, 99, 110, 62, 235, 81, 40, 63, 25, 115, 55, 191, 77, 132, 141, 62, 102, 247, 228, 62, 236, 192, 89, 191)
}]

[sub_resource type="StandardMaterial3D" id="StandardMaterial3D_rxcvl"]
albedo_texture = ExtResource("2_xc24g")

[sub_resource type="StandardMaterial3D" id="StandardMaterial3D_0ca1r"]
albedo_texture = ExtResource("2_xc24g")

[sub_resource type="ArrayMesh" id="ArrayMesh_oqc3u"]
_surfaces = [{
"aabb": AABB(-0.0528, 0.5023, -0.8642, 0.28561, 0.2213, 0.176),
"attribute_data": PackedByteArray(171, 170, 42, 63, 0, 0, 128, 63, 171, 170, 170, 62, 0, 0, 0, 0, 0, 0, 128, 63, 0, 0, 0, 0),
"format": 17,
"primitive": 3,
"vertex_count": 3,
"vertex_data": PackedByteArray(31, 99, 110, 62, 235, 81, 40, 63, 25, 115, 55, 191, 208, 68, 88, 189, 217, 61, 57, 63, 224, 45, 48, 191, 179, 123, 242, 60, 187, 150, 0, 63, 54, 60, 93, 191)
}]

[sub_resource type="StandardMaterial3D" id="StandardMaterial3D_4xjb3"]
albedo_texture = ExtResource("2_xc24g")

[sub_resource type="ArrayMesh" id="ArrayMesh_644jb"]
_surfaces = [{
"aabb": AABB(0.484, 0.2764, -0.7166, 0.2042, 0.2493, 0.2166),
"attribute_data": PackedByteArray(171, 170, 42, 63, 0, 0, 128, 63, 0, 0, 128, 63, 0, 0, 0, 0, 171, 170, 170, 62, 0, 0, 0, 0),
"format": 17,
"primitive": 3,
"vertex_count": 3,
"vertex_data": PackedByteArray(140, 185, 43, 63, 77, 132, 141, 62, 224, 45, 48, 191, 224, 45, 48, 63, 70, 148, 6, 63, 0, 0, 0, 191, 217, 206, 247, 62, 187, 150, 0, 63, 25, 115, 55, 191)
}]

[sub_resource type="StandardMaterial3D" id="StandardMaterial3D_dgigw"]
albedo_texture = ExtResource("2_xc24g")

[sub_resource type="ArrayMesh" id="ArrayMesh_l15m2"]
_surfaces = [{
"aabb": AABB(0.436, 0.2512, -0.8642, 0.23481, 0.2511, 0.17601),
"attribute_data": PackedByteArray(171, 170, 42, 63, 0, 0, 0, 0, 171, 170, 170, 62, 0, 0, 128, 191, 0, 0, 0, 0, 0, 0, 0, 0),
"format": 17,
"primitive": 3,
"vertex_count": 3,
"vertex_data": PackedByteArray(140, 185, 43, 63, 77, 132, 141, 62, 224, 45, 48, 191, 217, 206, 247, 62, 187, 150, 0, 63, 25, 115, 55, 191, 100, 59, 223, 62, 73, 157, 128, 62, 54, 60, 93, 191)
}]

[sub_resource type="StandardMaterial3D" id="StandardMaterial3D_7472x"]
albedo_texture = ExtResource("2_xc24g")

[sub_resource type="ArrayMesh" id="ArrayMesh_myd5h"]
_surfaces = [{
"aabb": AABB(0.2764, 0.2512, -0.8642, 0.2076, 0.2511, 0.1476),
"attribute_data": PackedByteArray(171, 170, 42, 63, 0, 0, 128, 63, 0, 0, 128, 63, 0, 0, 0, 0, 171, 170, 170, 62, 0, 0, 0, 0),
"format": 17,
"primitive": 3,
"vertex_count": 3,
"vertex_data": PackedByteArray(100, 59, 223, 62, 73, 157, 128, 62, 54, 60, 93, 191, 217, 206, 247, 62, 187, 150, 0, 63, 25, 115, 55, 191, 77, 132, 141, 62, 102, 247, 228, 62, 236, 192, 89, 191)
}]

[sub_resource type="StandardMaterial3D" id="StandardMaterial3D_56vx0"]
albedo_texture = ExtResource("2_xc24g")

[sub_resource type="ArrayMesh" id="ArrayMesh_d8c6v"]
_surfaces = [{
"aabb": AABB(0.0296, 0.2512, -0.9554, 0.2468, 0.2511, 0.1048),
"attribute_data": PackedByteArray(171, 170, 42, 63, 0, 0, 128, 63, 171, 170, 170, 62, 0, 0, 0, 0, 0, 0, 128, 63, 0, 0, 0, 0),
"format": 17,
"primitive": 3,
"vertex_count": 3,
"vertex_data": PackedByteArray(191, 236, 30, 62, 73, 157, 128, 62, 24, 149, 116, 191, 77, 132, 141, 62, 102, 247, 228, 62, 236, 192, 89, 191, 179, 123, 242, 60, 187, 150, 0, 63, 54, 60, 93, 191)
}]

[sub_resource type="Gradient" id="Gradient_m383v"]
offsets = PackedFloat32Array(0)
colors = PackedColorArray(0.533333, 0.752941, 0.184314, 1)

[sub_resource type="GradientTexture2D" id="GradientTexture2D_41ff7"]
gradient = SubResource("Gradient_m383v")

[sub_resource type="StandardMaterial3D" id="StandardMaterial3D_nhqa4"]
albedo_texture = SubResource("GradientTexture2D_41ff7")

[sub_resource type="StandardMaterial3D" id="StandardMaterial3D_wqhc0"]
albedo_texture = SubResource("GradientTexture2D_41ff7")

[sub_resource type="StandardMaterial3D" id="StandardMaterial3D_op2et"]
albedo_texture = SubResource("GradientTexture2D_41ff7")

[sub_resource type="StandardMaterial3D" id="StandardMaterial3D_bknvw"]
albedo_texture = ExtResource("2_xc24g")

[node name="world" instance=ExtResource("1_sanjx")]

[node name="Tile" parent="Tiles" index="0"]
material_override = SubResource("StandardMaterial3D_7ldt1")
tile_type = ExtResource("3_xxp1p")

[node name="@MeshInstance3D@71898" parent="Tiles" index="18"]
material_override = SubResource("StandardMaterial3D_1kmbj")
mesh = SubResource("ArrayMesh_fox1a")

[node name="@MeshInstance3D@71906" parent="Tiles" index="26"]
material_override = SubResource("StandardMaterial3D_csmwj")

[node name="@MeshInstance3D@71908" parent="Tiles" index="28"]
material_override = SubResource("StandardMaterial3D_bh62a")

[node name="@MeshInstance3D@71911" parent="Tiles" index="31"]
material_override = SubResource("StandardMaterial3D_1gjqw")
mesh = SubResource("ArrayMesh_q0s5d")

[node name="@MeshInstance3D@71912" parent="Tiles" index="32"]
material_override = SubResource("StandardMaterial3D_p37p5")
mesh = SubResource("ArrayMesh_56v4c")

[node name="@MeshInstance3D@71913" parent="Tiles" index="33"]
material_override = SubResource("StandardMaterial3D_b8xc4")
mesh = SubResource("ArrayMesh_gli7j")

[node name="@MeshInstance3D@71914" parent="Tiles" index="34"]
material_override = SubResource("StandardMaterial3D_q7i47")
mesh = SubResource("ArrayMesh_2ue64")

[node name="@MeshInstance3D@71917" parent="Tiles" index="37"]
material_override = SubResource("StandardMaterial3D_rxcvl")

[node name="@MeshInstance3D@71924" parent="Tiles" index="44"]
material_override = SubResource("StandardMaterial3D_0ca1r")
mesh = SubResource("ArrayMesh_oqc3u")

[node name="@MeshInstance3D@71983" parent="Tiles" index="103"]
material_override = SubResource("StandardMaterial3D_4xjb3")
mesh = SubResource("ArrayMesh_644jb")

[node name="@MeshInstance3D@71988" parent="Tiles" index="108"]
material_override = SubResource("StandardMaterial3D_dgigw")
mesh = SubResource("ArrayMesh_l15m2")

[node name="@MeshInstance3D@71989" parent="Tiles" index="109"]
material_override = SubResource("StandardMaterial3D_7472x")
mesh = SubResource("ArrayMesh_myd5h")

[node name="@MeshInstance3D@71990" parent="Tiles" index="110"]
material_override = SubResource("StandardMaterial3D_56vx0")
mesh = SubResource("ArrayMesh_d8c6v")

[node name="@MeshInstance3D@71995" parent="Tiles" index="115"]
material_override = SubResource("StandardMaterial3D_nhqa4")
tile_type = ExtResource("4_hh31a")

[node name="@MeshInstance3D@71996" parent="Tiles" index="116"]
material_override = SubResource("StandardMaterial3D_wqhc0")
tile_type = ExtResource("4_hh31a")

[node name="@MeshInstance3D@71997" parent="Tiles" index="117"]
material_override = SubResource("StandardMaterial3D_op2et")
tile_type = ExtResource("4_hh31a")

[node name="@MeshInstance3D@72050" parent="Tiles" index="170"]
material_override = SubResource("StandardMaterial3D_bknvw")
